 Dungeon Crawl Stone Soup version 0.25-a0-834-g55863b0b92 (webtiles) character file.

Game seed: 12670218375607742966, levelgen mode: deterministic

295 Nixze the Chiller (level 6, -7/48 HPs)
             Began as a Draconian Ice Elementalist on Apr 23, 2020.
             Killed from afar by Dowan (13 damage)
             ... with a puff of flame
             ... on level 4 of the Dungeon.
             The game lasted 00:06:43 (3311 turns).

Nixze the Chiller (Draconian Ice Elementalist)      Turns: 3311, Time: 00:06:44

Health: -7/48      AC:  6    Str: 10    XL:     6   Next: 11%
Magic:  2/9        EV: 12    Int: 18    God:
Gold:   125        SH:  0    Dex: 11    Spells: 6/10 levels left

rFire    x . .     SeeInvis .   x - +2 dagger (elec)
rCold    + . .     Gourm    .   (no shield)
rNeg     . . .     Faith    .   (armour unavailable)
rPois    .         Spirit   .   (helmet restricted)
rElec    .         Reflect  .   l - scarf {cloud immunity}
rCorr    .         Harm     .   (no gloves)
MR       .....                  (no boots)
Stlth    ++........             (no amulet)
HPRegen  0.16/turn              t - ring of ice
MPRegen  0.11/turn              (no ring)

@: invisible
A: unfitting armour, cold-blooded, AC +6
a: no special abilities


You were on level 4 of the Dungeon.
You were hungry.

You visited 1 branch of the dungeon, and saw 4 of its levels.

You collected 125 gold pieces.

Inventory:

Hand Weapons
 x - a +2 dagger of electrocution (weapon)
Missiles
 d - 69 stones
 e - 28 poisoned darts (quivered)
 j - 5 javelins
 m - 5 boomerangs
Armour
 l - a scarf of cloud immunity (worn)
Jewellery
 t - a ring of ice (left hand)
Wands
 y - a wand of polymorph (8)
Scrolls
 a - a scroll of enchant armour {unknown}
 c - a scroll of amnesia {unknown}
 f - 3 scrolls of identify
 g - a scroll of remove curse
 i - a scroll of teleportation {unknown}
 k - a scroll of immolation {unknown}
 u - a scroll of random uselessness {unknown}
 w - a scroll of fear {unknown}
Potions
 h - a potion of might {unknown}
 n - a potion of invisibility
 o - a potion of stabbing {unknown}
 p - 2 potions of heal wounds
 q - a potion of lignification {unknown}
 r - a potion of flight {unknown}
 s - 2 potions of mutation {unknown}
 z - a potion of haste {unknown}
Comestibles
 b - 9 rations


   Skills:
 + Level 1.7 Fighting
 + Level 2.5 Dodging
 - Level 1.7 Stealth
 + Level 2.5 Spellcasting
 * Level 6.6 Ice Magic


You had 6 spell levels left.
You knew the following spells:

 Your Spells              Type           Power        Failure   Level  Hunger
a - Freeze                Ice            ####         1%          1    #......
b - Frozen Ramparts       Ice            #####.       3%          3    ###....

Your spell library contained the following spells:

 Spells                   Type           Power        Failure   Level  Hunger
 Ozocubu's Armour         Chrm/Ice       ###.....     13%         3    ###....
 Hailstorm                Conj/Ice       ###.....     41%         4    #####..
 Summon Ice Beast         Ice/Summ       ###.....     41%         4    #####..


Dungeon Overview and Level Annotations

Branches:
Dungeon (4/15)
 Temple: D:4-7

Altars:
Ashenzari
Hepliaklqana
Yredelemnul
The Shining One

Annotations:
D:4 Dowan


Innate Abilities, Weirdness & Mutations

Your plain brown scales are hard. (AC +6)
You cannot fit into any form of body armour.
You are cold-blooded and may be slowed by cold attacks.


Message History

Increase (S)trength, (I)ntelligence, or (D)exterity?
You feel clever.
Your scales feel tougher.
The wall freezes Dowan.
Dowan zaps a wand.
The puff of flame hits you! The fire burns you terribly!
* * * LOW HITPOINT WARNING * * *
The wall freezes Dowan.
Dowan zaps a wand.
The puff of flame hits you. The fire burns you terribly!
* * * LOW HITPOINT WARNING * * *
You are feeling hungry.
The wall freezes Dowan.
The wall freezes Dowan. x2; Dowan drinks a potion.
Dowan is healed!
The wall freezes Dowan.
Okay, then.
Press: ? - help, v - describe, . - travel
Here: Dowan, wielding a +0 dagger, wearing a +0 robe and carrying a wand of flame (11) (lightly wounded, fast)
The floor.
You fade into invisibility!
The frozen ramparts melt away.
Dowan zaps a wand.
The puff of flame hits you! The fire burns you terribly!
You die...

##.# .... #..#
#.## ###.#
##...# #..###
#..# .
##.##########
...
#.@.e.)....#....
#######....%....
#..........
#...........
#.....%.....
#.....>.....
#...........
#.......h...
##..........


You could see Dowan.

Vanquished Creatures
  Duvessa (D:4)
  An orc wizard (D:3)
  Natasha (twice) (D:2)
  A worker ant (D:2)
  2 adders (D:2)
  A worm (D:3)
  3 leopard geckos
  10 orcs (D:3)
  2 bats
  2 giant cockroaches (D:3)
  8 goblins
  8 hobgoblins
  8 jackals
  2 ball pythons
  7 frilled lizards
  8 kobolds
  4 rats
70 creatures vanquished.

Notes
Turn   | Place    | Note
-------+----------+-------------------------------------------
     0 | D:1      | Nixze the Draconian Ice Elementalist began the quest for
                  | the Orb.
     0 | D:1      | Reached XP level 1. HP: 14/14 MP: 3/3
     6 | D:1      | Noticed a black bear
     6 | D:1      | Noticed a wyvern
     7 | D:1      | Noticed a lindwurm
   163 | D:1      | Reached XP level 2. HP: 17/20 MP: 0/5
  1322 | D:2      | Reached skill level 5 in Ice Magic
  1322 | D:2      | Reached XP level 3. HP: 20/26 MP: 4/6
  1397 | D:2      | Learned a level 3 spell: Frozen Ramparts
  1757 | D:2      | Noticed Natasha
  1765 | D:2      | Killed Natasha
  1765 | D:2      | Reached XP level 4. HP: 33/33 MP: 3/7
  1874 | D:2      | Found a shattered altar of Ashenzari.
  1875 | D:2      | Found a hazy altar of Hepliaklqana.
  1877 | D:2      | Found a basalt altar of Yredelemnul.
  2054 | D:2      | Found a glowing golden altar of the Shining One.
  2144 | D:2      | Noticed Natasha
  2150 | D:2      | Killed Natasha
  2150 | D:2      | Reached skill level 6 in Ice Magic
  2514 | D:3      | Reached XP level 5. HP: 39/39 MP: 6/8
  2651 | D:3      | Reached skill level 1 in Fighting
  3290 | D:4      | Noticed Dowan
  3297 | D:4      | Noticed Duvessa
  3306 | D:4      | Killed Duvessa
  3306 | D:4      | Reached XP level 6. HP: 23/48 MP: 1/9
  3311 | D:4      | Killed from afar by Dowan

Levels and vault maps discovered:
D:1:      onia_arrival_zoo_common, layout_loops_cross,
          chequers_serial_rivers_marsh, serial_park_tiny_2
D:2:      layout_loops_ring, minitemple, nicolae_tso_carved_into_rock,
          uniq_natasha
D:3:      layout_loops_ring
D:4:      layout_rooms, first_ration, grunt_tough_drop, uniq_duvessa,
          uniq_crazy_yiuf_cottage

Skill      XL: |  1  2  3  4  5 |
---------------+----------------+-----
Ice Magic      | 5 6 |  6.6
Dodging        | 2 |  2.5
Fighting       | 1 |  1.7
Stealth        | |  1.7
Spellcasting   | |  2.5

Action                   |  1- 3 |  4- 6 || total
-------------------------+-------+-------++-------
Melee: Mace              |    14 |       ||    14
       Short sword       |     2 |     2 ||     4
       Dagger            |       |    12 ||    12
       Tailslap          |       |     1 ||     1
Throw: Dart              |    11 |     8 ||    19
 Cast: Freeze            |    33 |    34 ||    67
       Frozen Ramparts   |     3 |     8 ||    11
  Use: Scroll            |       |     3 ||     3
       Potion            |       |     1 ||     1
  Eat: Chunk             |     3 |     6 ||     9
Armor: Skin              |    12 |     3 ||    15
Dodge: Dodged            |    22 |    13 ||    35

Table legend:
 A = Non-vault XP
 B = Vault XP
 C = Vault XP percentage of total XP
 D = Non-vault monster count
 E = Vault monster count
 F = Vault count percentage of total count
                 A         B        C        D         E       F
            +---------+---------+-------+---------+---------+-------
      Total |     254 |     168 |  39.8 |      68 |       2 |   2.9
            +---------+---------+-------+---------+---------+-------
        D:1 |      32 |       0 |   0.0 |      19 |       0 |   0.0
        D:2 |     116 |      35 |  23.2 |      18 |       1 |   5.3
        D:3 |     100 |       0 |   0.0 |      28 |       0 |   0.0
        D:4 |       6 |     133 |  95.7 |       3 |       1 |  25.0
            +---------+---------+-------+---------+---------+-------
